 Dungeon Crawl Stone Soup version 0.27-a0-1182-gee19b5822f (webtiles) character file.

Game seed: 8257034638452111394

201 DasRunzen the Ducker (level 5, -18/42 (44) HPs)
             Began as a Demigod Gladiator on May 18, 2021.
             Demolished by an ogre
             ... wielding a +0 giant club
              (28 damage)
             ... on level 4 of the Dungeon.
             The game lasted 00:05:06 (3930 turns).

DasRunzen the Ducker (Demigod Gladiator)            Turns: 3930, Time: 00:05:07

HP:   -18/42 (44)   AC:  6    Str: 15    XL:     5   Next: 25%
MP:   7/7           EV: 13    Int: 14    God:
Gold: 146           SH:  0    Dex: 15    Spells: 4/4 levels left

rFire    + . .     SeeInvis .   a - +1 trident
rCold    + . .     Faith    .   (no shield)
rNeg     . . .     Spirit   .   b - +0 leather armour
rPois    .         Reflect  .   c - +1 helmet
rElec    .         Harm     .   f - scarf {rC+ rF+}
rCorr    .         Rampage  .   e - +0 pair of gloves
Will     .....                  (no boots)
Stlth    +.........             (no amulet)
HPRegen  0.14/turn              (no ring)
MPRegen  0.10/turn              (no ring)

@: lightly drained
A: high mp 1, forlorn
a: no special abilities


You were on level 4 of the Dungeon.
You visited 1 branch of the dungeon, and saw 4 of its levels.

You collected 146 gold pieces.

Inventory:

Hand Weapons
 a - a +1 trident (weapon)
Missiles
 d - 3 throwing nets (quivered)
 k - 6 atropa-tipped darts
Armour
 b - a +0 leather armour (worn)
 c - a +1 helmet (worn)
 e - a +0 pair of gloves (worn)
 f - a scarf of resistance (worn)
Scrolls
 g - a scroll of summoning
Potions
 i - a potion of cancellation
 l - a potion of heal wounds


   Skills:
 + Level 2.9 Fighting
 + Level 3.6 Polearms
 - Level 1.7 Throwing
 + Level 2.2 Armour
 + Level 3.7 Dodging


You had 4 spell levels left.
You didn't know any spells.
Your spell library was empty.

Dungeon Overview and Level Annotations

Branches:
Dungeon (4/15)
 Temple: D:4-7

Shops:
D:2 (


Innate Abilities, Weirdness & Mutations

Your attributes grow dramatically as you level up.
You have an increased reservoir of magic. (+10% MP)
You shall have no god before yourself.


Message History

You hit the adder.
The adder is moderately wounded.
The adder bites you.
You closely miss the adder.
The adder is moderately wounded.
The adder barely misses you. The adder closely misses you.
You puncture the adder!
You kill the adder!
An ogre comes into view. It is wielding a +0 giant club.
Found a stone staircase leading up.
Reach: a) +1 trident
Press: ? - help, Dir - move target, f - ogre
Aim: an ogre, wielding a +0 giant club (about 25% to evade your +1 trident)
You reach to attack!
You hit the ogre.
The ogre is lightly wounded.
Reach: a) +1 trident
Press: ? - help, Dir - move target, f/p - ogre
Aim: an ogre, wielding a +0 giant club (lightly wounded, about 25% to evade your +1 trident)
You hit the ogre.
The ogre is lightly wounded.
The ogre barely misses you.
Reach: a) +1 trident
Press: ? - help, Dir - move target, f/p - ogre
Aim: an ogre, wielding a +0 giant club (lightly wounded, about 25% to evade your +1 trident)
You barely miss the ogre.
The ogre is lightly wounded.
The ogre barely misses you.
You hit the ogre but do no damage.
The ogre is lightly wounded.
The ogre hits you with a +0 giant club!!
Ouch! That really hurt!
* * * LOW HITPOINT WARNING * * *
You closely miss the ogre.
The ogre is lightly wounded.
The ogre completely misses you.
You hit the ogre.
The ogre is moderately wounded.
The ogre hits you with a +0 giant club!!
Ouch! That really hurt!
You die...

#.....# ... ...... '.....#
..... ...... #######
.....###+#......
.....####.<..............
.....'..#..............
.....#..#........?...
.....#..#..........#######
.....#..#..........'.....#
.....#..#......O@..#.....#
.....#..#..........#.....#
.....#..#.....######.....#
.....#..#.....#..........#
.....#'##.....#..........#
.....#..+.....#..........#
.....#..#.....+..........#
.....#..#.....########'######
.....#.##.....................


You could see an ogre.

Vanquished Creatures
  Jessica (D:3)
  An orc wizard (D:3)
  Robin (D:2)
  4 adders
  3 worms
  2 dart slugs
  6 orcs
  7 endoplasms
  2 giant cockroaches (D:3)
  10 hobgoblins
  6 jackals
  3 kobolds
  4 quokkas
  10 ball pythons
  4 bats
  A frilled lizard (D:3)
  11 goblins
  4 rats
80 creatures vanquished.

Notes
Turn   | Place    | Note
-------+----------+-------------------------------------------
     0 | D:1      | DasRunzen the Demigod Gladiator began the quest for the
                  | Orb.
     0 | D:1      | Reached XP level 1. HP: 17/17 MP: 3/3
   393 | D:1      | Reached XP level 2. HP: 19/24 MP: 4/4
  1061 | D:2      | Reached skill level 1 in Armour
  1329 | D:2      | Reached XP level 3. HP: 29/29 MP: 5/5
  1416 | D:2      | Found Laoses's Weapon Shop.
  2112 | D:3      | Noticed Robin
  2311 | D:2      | Killed Robin
  2357 | D:3      | Reached XP level 4. HP: 35/37 MP: 6/6
  3049 | D:3      | Noticed Jessica
  3061 | D:3      | Killed Jessica
  3166 | D:3      | Reached XP level 5. HP: 40/40 MP: 7/7
  3921 | D:4      | Noticed an ogre
  3930 | D:4      | Demolished by an ogre

Illustrated notes

Levels and vault maps discovered:
D:1:      lightli_arrival_lavapool, layout_rooms,
          shapermc_ecumenical_altar_mp_urbaneastern
D:2:      layout_basic, serial_shops, shop_fountains, basic_altar
D:3:      minmay_thinvault, layout_basic, nicolae_qazlal_scattered_showers,
          bloody_makhleb, uniq_robin, uniq_jessica
D:4:      layout_gridville, lightli_sewer_entry_pipes, dk_noncrumbling_4

Skill      XL: |  1  2  3  4 |
---------------+-------------+-----
Fighting       | 2 |  2.9
Polearms       | 3 |  3.6
Dodging        | 3 |  3.7
Armour         | 1 2 |  2.2
Throwing       | |  1.7

Action                   |  1- 3 |  4- 6 || total
-------------------------+-------+-------++-------
Melee: Trident           |   148 |   127 ||   275
  Use: Scroll            |     3 |     6 ||     9
 Stab: Sleeping          |     1 |     3 ||     4
Armor: Leather armour    |    39 |    33 ||    72
Dodge: Dodged            |    95 |    51 ||   146

Table legend: (Time is in decaauts)
 A = Elapsed time spent in this place.
 B = Non-inter-level travel time spent in this place.
 C = Inter-level travel time spent in this place.
 D = Time resting spent in this place.
 E = Time spent auto-exploring this place.
 F = Levels seen in this place.
 G = Mean time per level.
                   A        B        C        D        E       F      G
               +--------+--------+--------+--------+--------+-----+--------+
         Total |   3970 |   3853 |    117 |    321 |   2790 |   4 |  992.5 |
       Dungeon |   3970 |   3853 |    117 |    321 |   2790 |   4 |  992.5 |
               +--------+--------+--------+--------+--------+-----+--------+

Top non-repeatable levels by time:
     D:3: 1696 daAuts
     D:2: 1087 daAuts
     D:1: 1052 daAuts
     D:4: 133 daAuts
